 Dungeon Crawl Stone Soup version 0.17.0-28-g6e173f8 (webtiles) character file.

186 TruthSerum the Skirmisher (level 5, -3/59 HPs)
             Began as an Ogre Berserker on Nov 24, 2015.
             Was a Believer of Trog.
             Slain by Dharmy's ghost (7 damage)
             ... on level 4 of the Dungeon.
             The game lasted 00:10:10 (2652 turns).

TruthSerum the Skirmisher (Ogre Berserker)          Turns: 2652, Time: 00:10:10

Health: -3/59      AC:  3    Str: 22    XL:     5   Next: 65%
Magic:  5/5        EV: 10    Int:  6    God:    Trog [**....]
Gold:   234        SH:  0    Dex: 10    Spells: 0 memorised, 4 levels left

rFire  . . .     SeeInvis .     p - +0 flail
rCold  . . .     Clarity  .     u - +0 robe (curse)
rNeg   . . .     SustAt   .     (no shield)
rPois  .         Gourm    .     (helmet restricted)
rElec  .         Spirit   .     (no cloak)
rCorr  .         Warding  .     (gloves unavailable)
rMut   .         Stasis   .     (boots unavailable)
MR     .....                    (no amulet)
Stlth  +.........               (no ring)
                                (no ring)

@: not resistant to hostile enchantments, very unstealthy
A: unfitting armour, tough skin 1
a: Berserk, Trog's Hand, Burn Spellbooks, Renounce Religion


You were on level 4 of the Dungeon.
You worshipped Trog.
Trog was pleased with you.
You were not hungry.

You visited 1 branch of the dungeon, and saw 4 of its levels.

You collected 234 gold pieces.

Inventory:

Hand Weapons
 p - a +0 flail (weapon)
Missiles
 a - 3 tomahawks of returning (quivered)
Armour
 u - a cursed +0 robe (worn)
Scrolls
 e - 3 scrolls of identify {unknown}
 i - 5 scrolls of remove curse {unknown}
 j - 2 scrolls of blinking {unknown}
 k - a scroll of noise {unknown}
 n - a scroll of teleportation {unknown}
 v - 4 scrolls of immolation {unknown}
 w - a scroll of random uselessness {unknown}
Potions
 b - a potion of flight {unknown}
 d - a potion of haste {unknown}
 f - a potion of poison {unknown}
 l - 2 potions of magic {unknown}
 m - a potion of heal wounds {unknown}
 s - a potion of curing {unknown}
 t - a potion of invisibility {unknown}
Comestibles
 c - a bread ration
 g - a slice of pizza
 h - 6 chunks of flesh
 o - 3 meat rations
 q - 2 fruits
 r - a royal jelly


   Skills:
 + Level 5.8 Fighting
 + Level 5.7 Maces & Flails
 + Level 3.7 Dodging


You had 4 spell levels left.
You didn't know any spells.

Dungeon Overview and Level Annotations

Branches:
Dungeon (4/15)
 Temple: D:4-7

Altars:
Dithmenos
The Shining One

Annotations:
D:4 Dharmy's ghost, amateur FeAr


Innate Abilities, Weirdness & Mutations

You are too large for most types of armour.
You have tough skin (AC +1).


Message History

Some of the chunks of flesh in your inventory have rotted away.
You barely miss Dharmy's ghost.
Dharmy's ghost is moderately damaged.
Dharmy's ghost hits you!
You sock Dharmy's ghost!
Dharmy's ghost is severely damaged.
Dharmy's ghost hits you.
* * * LOW HITPOINT WARNING * * *
You miss Dharmy's ghost.
Dharmy's ghost is severely damaged.
Dharmy's ghost tells you, "It seems you just drew Damnation."
Dharmy's ghost hits you!
* * * LOW HITPOINT WARNING * * *
You completely miss Dharmy's ghost.
Dharmy's ghost is severely damaged.
Dharmy's ghost hits you but does no damage.
You miss Dharmy's ghost.
Dharmy's ghost is severely damaged.
Dharmy's ghost hits you!
You die...

#...# ....
#...# .....
#...#......
#...#......
#$..#......
#...#......
#..W.......
#..@.#
#....#
#....#
#....#
#..<.#
#...########
#...##.....#
#..........#
#..........#


You could see Dharmy's ghost.

Vanquished Creatures
  A jelly (D:3)
  4 gnolls (D:3)
  4 adders
  An ooze (D:3)
  An adder skeleton (D:4)
  4 worms
  3 giant geckos
  3 orcs (D:3)
  A ball python (D:2)
  4 bats
  7 giant cockroaches
  5 goblins
  3 hobgoblins
  3 giant newts
  8 jackals
  6 kobolds
  4 rats
62 creatures vanquished.

Vanquished Creatures (others)
  A bat (D:2)
1 creature vanquished.

Grand Total: 63 creatures vanquished

Notes
Turn   | Place    | Note
--------------------------------------------------------------
     0 | D:1      | TruthSerum the Ogre Berserker began the quest for the Orb.
     0 | D:1      | Reached XP level 1. HP: 24/24 MP: 1/1
   202 | D:1      | Reached XP level 2. HP: 32/32 MP: 2/2
  1131 | D:2      | Found a shadowy altar of Dithmenos.
  1137 | D:2      | Reached XP level 3. HP: 31/40 MP: 3/3
  1599 | D:3      | Reached skill level 5 in Maces & Flails
  1616 | D:3      | Reached ** piety under Trog
  1619 | D:3      | Found a faded altar to an unknown god.
  1622 | D:3      | Reached XP level 4. HP: 23/49 MP: 4/4
  1647 | D:3      | Reached skill level 5 in Fighting
  1897 | D:3      | Reached XP level 5. HP: 35/57 MP: 5/5
  1910 | D:3      | Found a glowing golden altar of the Shining One.
  2641 | D:4      | Noticed Dharmy's ghost (amateur FeAr)
  2652 | D:4      | Slain by Dharmy's ghost

Action                   |  1- 3 |  4- 6 || total
-------------------------+-------+-------++-------
Melee: Mace              |    95 |       ||    95
       Flail             |     4 |   115 ||   119
Invok: Berserk           |       |     1 ||     1
 Stab: Sleeping          |     1 |       ||     1
  Eat: Chunk             |     2 |     5 ||     7
